 Dungeon Crawl Stone Soup version 0.27.1 (webtiles) character file.

Game seed: 12821432555485595293

3625 ZARRMARR the Destroyer (level 10, -10/54 (56) HPs)
             Began as an Octopode Conjurer on Sept 5, 2021.
             Was a Follower of Sif Muna.
             Mangled by a wight (16 damage)
             ... on level 9 of the Dungeon.
             The game lasted 00:30:39 (12145 turns).

ZARRMARR the Destroyer (Octopode Conjurer)         Turns: 12145, Time: 00:30:39

HP:   -10/54 (56)   AC:  1    Str:  6    XL:     10   Next: 11%
MP:   0/23          EV: 13    Int: 25    God:    Sif Muna [*.....]
Gold: 324           SH:  0    Dex: 12    Spells: 21/27 levels left

rFire    . . .     SeeInvis .   p - +0 shortbow (freeze)
rCold    + . .     Faith    .   (shield currently unavailable)
rNeg     . . .     Spirit   +   (helmet restricted)
rPois    .         Reflect  .   d - amulet of guardian spirit
rElec    .         Harm     .   (no ring)
rCorr    .         Rampage  .   (no ring)
Will     .....                  (no ring)
Stlth    +++.......             (no ring)
HPRegen  0.18/turn              (no ring)
MPRegen  0.18/turn              (no ring)
                                (no ring)
                                (no ring)

@: attractive, lightly drained
A: almost no armour, amphibious, 8 rings, camouflage 1, gelatinous body 1,
(nimble swimmer 1), tentacles, clever 1, cold resistance 1
a: Renounce Religion, Channel Magic


You were on level 9 of the Dungeon.
You worshipped Sif Muna.
Sif Muna was aware of your devotion.
You visited 2 branches of the dungeon, and saw 10 of its levels.

You collected 324 gold pieces.

Inventory:

Hand Weapons
 p - a +0 shortbow of freezing (weapon)
Missiles
 q - 92 arrows (quivered ammo)
 w - a throwing net
Jewellery
 d - an amulet of guardian spirit (around mantle)
 e - a ring of ice
 t - a ring of fire
Wands
 n - a wand of flame (2)
 y - a wand of charming (6)
Scrolls
 a - 2 scrolls of vulnerability
 g - 2 scrolls of torment
 i - a scroll of immolation
 l - 3 scrolls of enchant weapon
 o - 2 scrolls of magic mapping
 r - 2 scrolls of holy word
 s - a scroll of brand weapon {unknown}
 x - a scroll of fog {unknown}
 z - a scroll of teleportation {unknown}
 A - a scroll of blinking {unknown}
Potions
 b - a potion of heal wounds {unknown}
 f - 8 potions of curing
 h - a potion of degeneration {unknown}
 j - a potion of magic {unknown}
 m - a potion of haste {unknown}
 v - a potion of flight {unknown}
Miscellaneous
 B - a condenser vane


   Skills:
 - Level 2.0 Dodging
 - Level 2.6 Stealth
 + Level 9.0 Spellcasting
 + Level 10.3 Conjurations
 + Level 4.1 Hexes


You had 21 spell levels left.
You knew the following spells:

 Your Spells              Type           Power      Damage    Failure   Level
a - Magic Dart            Conj           100%       1d8       1%          1
b - Searing Ray           Conj           100%       3d7       1%          2
c - Dazzling Flash        Conj/Hex       94%        N/A       1%          3

Your spell library contained the following spells:

 Spells                   Type           Power      Damage    Failure   Level
 Fulminant Prism          Conj/Hex       23%        3d13      2%          4
 Iskenderun's Mystic Bla  Conj/Tloc      37%        2d9       6%          4


Dungeon Overview and Level Annotations

Branches:
Dungeon (9/15)             Temple (1/1) D:4
   Lair: D:8-11         Orc: D:9-12

Altars:
Ashenzari
Cheibriados
Dithmenos
Elyvilon
Gozag
Hepliaklqana
Kikubaaqudgha
Makhleb
Nemelex Xobeh
Okawaru
Qazlal
Ru
Sif Muna
Uskayaw
Vehumet
Wu Jian
Xom
Yredelemnul
Zin
The Shining One

Shops:
D:8 (

Annotations:
D:5 1 runed translucent door, cummra's ghost, novice GrEE
D:7 1 transporter, Joseph


Innate Abilities, Weirdness & Mutations

You cannot wear most types of armour.
You are amphibious.
You can wear up to eight rings at the same time.
Your skin changes colour to match your surroundings (Stealth+).
Your rubbery body absorbs attacks. (AC +1, EV +1)
((You are camouflaged near water. (Stealth+)))
You have tentacles for arms and can constrict up to eight enemies at once.
Your mind is acute. (Int +2)
Your flesh is cold resistant. (rC+)


Message History

Press: ? - help, Shift-Dir - straight line, f - wight
Aim: a wight, wielding a +3 flail and wearing a +0 robe (83% to hit)
The searing ray hits the wight.
The wight is severely damaged.
The searing ray hits the wight!
The wight is almost destroyed. (Press . to maintain the ray.)
The wight barely misses you.
The searing ray hits the wight!
You destroy the wight!
Sif Muna accepts your kill.
The searing ray hits the wight.
You destroy the wight!
Sif Muna accepts your kill. The orc hits you with a +0 club.
Something hits you.
The searing ray hits the wight!
The wight is severely damaged.
The orc misses you. The wight hits you with a +7 mace! Something hits you.
Unknown command.
The searing ray hits the wight but does no damage.
The wight is severely damaged.
You finish channeling your searing ray.
The orc hits you with a +0 club. The wight hits you with a +7 mace.
Something barely misses you.
Unknown command.
It was a potion of curing.
You feel better. The orc hits you with a +0 club.
The wight hits you with a +7 mace! Something hits you.
The wight barely misses you.
It was a potion of mutation.
You feel extremely strange.
You feel resistant to cold.
You feel clever. The orc hits you with a +0 club.
The wight hits you with a +7 mace!
* * * LOW HITPOINT WARNING * * *
You feel drained.
* * * LOW HITPOINT WARNING * * *
You hear some strange, mumbled words.
A puff of flame appears from out of thin air!
The puff of flame misses you. The wight closely misses you.
It was a potion of attraction.
You feel attractive to monsters. The wight hits you with a +7 mace!!
You die...

#............
#..............
#..............
#............# ...
#............# ..#
#............# ...#
#<..)).......# ...##
#............#####....##
#.).).........@z).......
#............zo{........
#.................))....
#......................[
#.......................
#.......................
#.......................
#.......................
#..................#####


You could see 2 wights and an orc.

Vanquished Creatures
  Maggie (D:6)
  A steam dragon (D:7)
  An acid dragon (D:8)
  An orc warrior (D:9)
  An ice beast (D:6)
  3 necrophages
  2 sky beasts (D:7)
  2 ogres
  3 centaurs
  4 phantoms
  2 gnoll sergeants (D:8)
  4 bullfrogs
  3 scorpions
  A water moccasin zombie (D:6)
  A wyvern skeleton (D:7)
  2 electric eels (D:8)
  7 wights
  A centaur zombie (D:8)
  2 hounds
  A gnoll shaman (D:6)
  A jelly (D:6)
  2 orc priests (D:6)
  A centaur skeleton (D:7)
  Jessica (D:3)
  4 orc wizards
  3 iguanas
  A hound skeleton (D:4)
  10 gnolls
  8 adders
  A shadow imp (D:6)
  2 white imps
  An ufetubus (D:4)
  3 adder skeletons (D:4)
  3 worms (D:2)
  A dart slug (D:4)
  21 orcs
  4 ball pythons
  5 bats
  6 endoplasms
  4 giant cockroaches
  4 goblins
  6 hobgoblins
  4 jackals
  3 kobolds
  3 quokkas
  4 frilled lizards
  4 rats
153 creatures vanquished.

Notes
Turn   | Place    | Note
-------+----------+-------------------------------------------
     0 | D:1      | ZARRMARR the Octopode Conjurer began the quest for the Orb.
     0 | D:1      | Reached XP level 1. HP: 11/11 MP: 3/3
   332 | D:1      | Reached XP level 2. HP: 17/17 MP: 3/5
  1106 | D:1      | Reached XP level 3. HP: 21/21 MP: 4/6
  1767 | D:2      | Reached XP level 4. HP: 27/27 MP: 3/8
  1825 | D:2      | Noticed a necrophage
  1864 | D:3      | Noticed Jessica
  1867 | D:3      | Killed Jessica
  1868 | D:3      | Reached skill level 5 in Conjurations
  2329 | D:3      | Reached XP level 5. HP: 30/31 MP: 2/10
  2402 | D:3      | Found a faded altar of an unknown god.
  3519 | D:4      | Found an ancient bone altar of Kikubaaqudgha.
  3971 | D:4      | Found a basalt altar of Yredelemnul.
  4158 | D:4      | Found a staircase to the Ecumenical Temple.
  4167 | Temple   | Entered the Ecumenical Temple
  4354 | D:4      | Noticed a phantom
  4480 | D:4      | Reached XP level 6. HP: 29/36 MP: 4/12
  5165 | D:4      | Reached skill level 6 in Conjurations
  5489 | D:4      | Reached XP level 7. HP: 24/41 MP: 2/14
  5628 | D:4      | Learned a level 2 spell: Searing Ray
  5754 | D:4      | Reached skill level 5 in Spellcasting
  7016 | D:4      | Found a basalt altar of Yredelemnul.
  7059 | D:4      | Found a staircase to the Ecumenical Temple.
  7173 | D:4      | Found an ancient bone altar of Kikubaaqudgha.
  7452 | D:5      | Entered Level 5 of the Dungeon
  7490 | D:5      | Reached skill level 7 in Conjurations
  7694 | D:5      | Found a runed translucent door.
  8008 | D:5      | Reached XP level 8. HP: 46/46 MP: 10/17
  8114 | D:5      | Noticed cummra's ghost (novice GrEE)
  8585 | D:6      | Reached skill level 8 in Conjurations
  9347 | D:6      | Reached XP level 9. HP: 51/51 MP: 14/20
  9354 | D:6      | Reached skill level 9 in Conjurations
  9482 | D:6      | Noticed Maggie
  9495 | D:6      | Killed Maggie
  9699 | D:6      | Found a shimmering blue altar of Sif Muna.
  9708 | D:6      | Became a worshipper of Sif Muna the Loreminder
  9713 | D:6      | Learned a level 3 spell: Dazzling Flash
 10238 | D:7      | Reached skill level 1 in Hexes
 10521 | D:7      | Noticed Joseph
 10563 | D:7      | Found a transporter.
 10989 | D:8      | Found a white marble altar of Elyvilon.
 11002 | D:8      | Found Naun's Weapon Shoppe.
 11163 | D:8      | Reached skill level 10 in Conjurations
 11193 | D:8      | Found an opulent altar of Gozag.
 11468 | D:8      | Found a snail-covered altar of Cheibriados.
 11474 | D:8      | Reached XP level 10. HP: 56/56 MP: 17/22
 11969 | D:9      | Reached * piety under Sif Muna
 12144 | D:9      | Gained mutation: Your flesh is cold resistant. (rC+)
                  | [potion of mutation]
 12144 | D:9      | Gained mutation: Your mind is acute. (Int +2) [potion of
                  | mutation]
 12145 | D:9      | Mangled by a wight

Illustrated notes

Levels and vault maps discovered:
D:1:      tarquinn_simple_flora_water_f, layout_loops_ring
D:2:      layout_basic
D:3:      layout_loops_ring, shapermc_ecumenical_altar_venn, uniq_jessica
D:4:      layout_gridville, lemuel_round_altar, mainiacjoe_overflow_24_doors,
          minmay_temple_entry_stoned_glass, roderic_roman_lattice
D:5:      layout_rooms, ebering_ghost_reflecting_pool
D:6:      cheibrodos_iron_armory, layout_loops_ring,
          mainiacjoe_overflow_boulevard, uniq_maggie
D:7:      layout_loops_cross, gammafunk_ghost_berserking_beasts, uniq_joseph
D:8:      layout_basic, chequers_temple_overflow_statue_of_worship,
          serial_shops, nicolae_diamond_shop, nrook_pool_corridor,
          kennysheep_small_circle
D:9:      layout_big_octagon, orc_0_dummy, serial_shops, kennysheep_little_box
Temple:   regret_index_temple_waves

Skill      XL: |  1  2  3  4  5  6  7  8  9 10 |
---------------+-------------------------------+-----
Spellcasting   | 3 4 6 7 8 9 |  9.0
Conjurations   | 5 6 7 8 10 | 10.3
Hexes          | 3 4 |  4.1
Dodging        | |  2.0
Stealth        | |  2.6

Action                   |  1- 3 |  4- 6 |  7- 9 | 10-12 || total
-------------------------+-------+-------+-------+-------++-------
Melee: Unarmed           |     3 |     5 |     2 |       ||    10
       Constrict         |     1 |     2 |       |       ||     3
 Fire: Shortbow          |       |       |     4 |       ||     4
 Cast: Magic Dart        |    64 |   141 |    73 |    14 ||   292
       Searing Ray       |       |       |    62 |     9 ||    71
Evoke: Wand              |       |       |    15 |       ||    15
  Use: Scroll            |       |     2 |     3 |     2 ||     7
       Potion            |       |       |       |     3 ||     3
 Stab: Sleeping          |       |     1 |       |       ||     1
Armor: Skin              |       |     1 |     2 |       ||     3
Dodge: Dodged            |     4 |    25 |    24 |     8 ||    61
